TOP OF THE 1ST |
Niagara Falls Frenzy batting - Pitching for Baffin Island Beavers : RHP Robert Reeves
|
Pitching: RHP Robert Reeves
|
|
Batting: LHB Clyde Yarbrough
|
0-0: Called Strike 0-1: Ball 1-1: Ball 2-1: Ball 3-1: Ground out 6-3 (Groundball, 6)
|
Batting: RHB Juan Carlos Rodríguez
|
0-0: Called Strike 0-1: Ball 1-1: Called Strike 1-2: Strikes out swinging
|
Batting: LHB Dante Owens
|
0-0: Ball 1-0: Ball 2-0: Foul Ball, location: 2F 2-1: Called Strike 2-2: Ball 3-2: DOUBLE (Line Drive, 3L)
|
Batting: LHB Donovan Bird
|
0-0: Foul Ball, location: 2F 0-1: SINGLE (Line Drive, 9S) Dante Owens to third Runner from 3rd tries for Home, SAFE, no throw or cutoff
|
Batting: SHB Ray Burgess
|
0-0: Called Strike 0-1: Called Strike Donovan Bird steals 2nd base 0-2: Ball 1-2: Fly out, F8 (Line Drive, 8LD)
|
Top of the 1st over - 1 run(s), 2 hit(s), 0 error(s), 1 left on base; Niagara Falls 1 - Baffin Island 0 |
BOTTOM OF THE 1ST |
Baffin Island Beavers batting - Pitching for Niagara Falls Frenzy : RHP Mark Head
|
Pitching: RHP Mark Head
|
|
Batting: LHB Chris Bates
|
0-0: Called Strike 0-1: Ball 1-1: Foul Ball, location: 2F 1-2: Foul Ball, location: 2F 1-2: Ball 2-2: Foul Ball, location: 2F 2-2: Ball 3-2: Fly out, F8 (Flyball, 8LD)
|
Batting: LHB Jeff Cole
|
0-0: Swinging Strike 0-1: Ground out 4-3 (Groundball, 4)
|
Batting: SHB Alonso Ferreira
|
0-0: Ball 1-0: Ball 2-0: Fly out, F2 (Popup, 2L)
|
Bottom of the 1st over - 0 run(s), 0 hit(s), 0 error(s), 0 left on base; Niagara Falls 1 - Baffin Island 0 |
TOP OF THE 2ND |
Niagara Falls Frenzy batting - Pitching for Baffin Island Beavers : RHP Robert Reeves
|
Batting: SHB Shumei Yokoyama
|
0-0: Ball 1-0: Called Strike 1-1: Ball 2-1: Foul Ball, location: 2F 2-2: Fly out, F5 (Popup, 5F)
|
Batting: RHB Bryce Hester
|
0-0: Called Strike 0-1: Bunt for hit - play at first, batter OUT! 5-3
|
Batting: RHB Ángel Hinojosa
|
0-0: Foul Ball, location: 2F 0-1: Ball 1-1: Ball 2-1: Called Strike 2-2: Strikes out swinging
|
Top of the 2nd over - 0 run(s), 0 hit(s), 0 error(s), 0 left on base; Niagara Falls 1 - Baffin Island 0 |
BOTTOM OF THE 2ND |
Baffin Island Beavers batting - Pitching for Niagara Falls Frenzy : RHP Mark Head
|
Batting: LHB Jerry Bryan
|
0-0: Ball 1-0: Foul Ball, location: 2F 1-1: Ground out 4-3 (Groundball, 4M)
|
Batting: RHB Tony Morton
|
0-0: Ball 1-0: Called Strike 1-1: Fly out, F8 (Line Drive, 8LS)
|
Batting: LHB Keng-chi Lao
|
0-0: Foul Ball, location: 2F 0-1: Ball 1-1: Ground out 3-1 (Groundball, 34)
|
Bottom of the 2nd over - 0 run(s), 0 hit(s), 0 error(s), 0 left on base; Niagara Falls 1 - Baffin Island 0 |
TOP OF THE 3RD |
Niagara Falls Frenzy batting - Pitching for Baffin Island Beavers : RHP Robert Reeves
|
Batting: RHB Juan Sánchez
|
0-0: Swinging Strike 0-1: Ball 1-1: Ground out 5-3 (Groundball, 5S)
|
Batting: LHB Clyde Yarbrough
|
0-0: Called Strike 0-1: Foul Ball, location: 2F 0-2: TRIPLE (Flyball, 9LD)
|
Batting: RHB Juan Carlos Rodríguez
|
0-0: Called Strike 0-1: Called Strike 0-2: SINGLE (Line Drive, 56) Clyde Yarbrough scores
|
Batting: LHB Dante Owens
|
0-0: Foul Ball, location: 2F 0-1: Swinging Strike 0-2: Ball 1-2: Grounds out, U3 (Groundball, 3L)
|
Batting: LHB Donovan Bird
|
0-0: Ball 1-0: Ball 2-0: Fly out, F9 (Flyball, 9S)
|
Top of the 3rd over - 1 run(s), 2 hit(s), 0 error(s), 1 left on base; Niagara Falls 2 - Baffin Island 0 |
BOTTOM OF THE 3RD |
Baffin Island Beavers batting - Pitching for Niagara Falls Frenzy : RHP Mark Head
|
Batting: RHB José García
|
0-0: Ball 1-0: Fly out, F2 (Popup, 2RF)
|
Batting: RHB Bryan Sandstrom
|
0-0: Ball 1-0: Ball 2-0: Fly out, F9 (Flyball, 89S)
|
Batting: RHB Bill Mark
|
0-0: Swinging Strike 0-1: Ball 1-1: Foul Ball, location: 2F 1-2: Ball 2-2: Foul Ball, location: 2F 2-2: Strikes out looking
|
Bottom of the 3rd over - 0 run(s), 0 hit(s), 0 error(s), 0 left on base; Niagara Falls 2 - Baffin Island 0 |
TOP OF THE 4TH |
Niagara Falls Frenzy batting - Pitching for Baffin Island Beavers : RHP Robert Reeves
|
Batting: SHB Ray Burgess
|
0-0: Called Strike 0-1: Ball 1-1: Fly out, F8 (Flyball, 89XD)
|
Batting: SHB Shumei Yokoyama
|
0-0: Called Strike 0-1: Called Strike 0-2: Ball 1-2: Foul Ball, location: 2F 1-2: Ball 2-2: Ground out 4-3 (Groundball, 13)
|
Batting: RHB Bryce Hester
|
0-0: Foul Ball, location: 2F 0-1: Ball 1-1: Ball 2-1: Foul Ball, location: 2F 2-2: Ball 3-2: Strikes out swinging
|
Top of the 4th over - 0 run(s), 0 hit(s), 0 error(s), 0 left on base; Niagara Falls 2 - Baffin Island 0 |
BOTTOM OF THE 4TH |
Baffin Island Beavers batting - Pitching for Niagara Falls Frenzy : RHP Mark Head
|
Batting: LHB Chris Bates
|
0-0: Ball 1-0: Ball 2-0: Ground out 4-3 (Groundball, 4)
|
Batting: LHB Jeff Cole
|
0-0: Ball 1-0: Swinging Strike 1-1: Ball 2-1: Ball 3-1: Swinging Strike 3-2: Base on Balls
|
Batting: SHB Alonso Ferreira
|
0-0: Ball Jeff Cole is caught stealing 2nd base 1-0: Ball 2-0: Ball 3-0: Base on Balls
|
Batting: LHB Jerry Bryan
|
0-0: Fly out, F7 (Flyball, 7LS)
|
Bottom of the 4th over - 0 run(s), 0 hit(s), 0 error(s), 1 left on base; Niagara Falls 2 - Baffin Island 0 |
TOP OF THE 5TH |
Niagara Falls Frenzy batting - Pitching for Baffin Island Beavers : RHP Robert Reeves
|
Batting: RHB Ángel Hinojosa
|
0-0: Ball 1-0: Ball 2-0: Called Strike 2-1: Called Strike 2-2: Strikes out swinging
|
Batting: RHB Juan Sánchez
|
0-0: Called Strike 0-1: Foul Ball, location: 2F 0-2: Strikes out looking
|
Batting: LHB Clyde Yarbrough
|
0-0: Ball 1-0: Called Strike 1-1: Ground out 4-3 (Groundball, 4)
|
Top of the 5th over - 0 run(s), 0 hit(s), 0 error(s), 0 left on base; Niagara Falls 2 - Baffin Island 0 |
BOTTOM OF THE 5TH |
Baffin Island Beavers batting - Pitching for Niagara Falls Frenzy : RHP Mark Head
|
Batting: RHB Tony Morton
|
0-0: Called Strike 0-1: Swinging Strike 0-2: Foul Ball, location: 2F 0-2: SINGLE (Line Drive, 4D)
|
Batting: LHB Keng-chi Lao
|
0-0: Called Strike 0-1: Ball 1-1: Ball Tony Morton steals 2nd base 2-1: Ground out 6-3 (Groundball, 6)
|
Batting: RHB José García
|
0-0: Ball 1-0: Foul Ball, location: 2F 1-1: Called Strike Tony Morton is caught stealing 3rd base 1-2: Ball 2-2: Ball 3-2: Foul Ball, location: 2F 3-2: Fly out, F4 (Line Drive, 4M)
|
Bottom of the 5th over - 0 run(s), 1 hit(s), 0 error(s), 0 left on base; Niagara Falls 2 - Baffin Island 0 |
TOP OF THE 6TH |
Niagara Falls Frenzy batting - Pitching for Baffin Island Beavers : RHP Robert Reeves
|
Batting: RHB Juan Carlos Rodríguez
|
0-0: Called Strike 0-1: Ball 1-1: Called Strike 1-2: Strikes out swinging
|
Batting: LHB Dante Owens
|
0-0: Fly out, F7 (Flyball, 7D)
|
Batting: LHB Donovan Bird
|
0-0: Called Strike 0-1: Ball 1-1: Ball 2-1: Ball 3-1: Called Strike 3-2: Ground out U3 (Groundball, 3S)
|
Top of the 6th over - 0 run(s), 0 hit(s), 0 error(s), 0 left on base; Niagara Falls 2 - Baffin Island 0 |
BOTTOM OF THE 6TH |
Baffin Island Beavers batting - Pitching for Niagara Falls Frenzy : RHP Mark Head
|
Batting: RHB Bryan Sandstrom
|
0-0: Called Strike 0-1: Called Strike 0-2: Strikes out swinging
|
Batting: RHB Bill Mark
|
0-0: SINGLE (Groundball, 6M)
|
Batting: LHB Chris Bates
|
0-0: Ball 1-0: Ball 2-0: Ball 3-0: Base on Balls Bill Mark to second
|
Batting: LHB Jeff Cole
|
0-0: Ball 1-0: Ball 2-0: Called Strike 2-1: Foul Ball, location: 2F 2-2: Foul Ball, location: 2F 2-2: Ball 3-2: Grounds into double play, 5-4-3 (Groundball, 56)
|
Bottom of the 6th over - 0 run(s), 1 hit(s), 0 error(s), 1 left on base; Niagara Falls 2 - Baffin Island 0 |
TOP OF THE 7TH |
Niagara Falls Frenzy batting - Pitching for Baffin Island Beavers : RHP Robert Reeves
|
Batting: SHB Ray Burgess
|
0-0: Called Strike 0-1: DOUBLE (Line Drive, 9LM)
|
Batting: SHB Shumei Yokoyama
|
0-0: Intentional Walk
|
Batting: RHB Bryce Hester
|
0-0: Called Strike 0-1: Ball 1-1: Foul Ball, location: 2F 1-2: Strikes out looking
|
Batting: RHB Ángel Hinojosa
|
0-0: Called Strike 0-1: Swinging Strike 0-2: Strikes out swinging
|
Batting: RHB Juan Sánchez
|
0-0: Called Strike 0-1: Fly out, F4 (Popup, 4MD)
|
Top of the 7th over - 0 run(s), 1 hit(s), 0 error(s), 2 left on base; Niagara Falls 2 - Baffin Island 0 |
BOTTOM OF THE 7TH |
Baffin Island Beavers batting - Pitching for Niagara Falls Frenzy : RHP Mark Head
|
Batting: SHB Alonso Ferreira
|
0-0: Ground out 4-3 (Groundball, 4)
|
Batting: LHB Jerry Bryan
|
0-0: Called Strike 0-1: Foul Ball, location: 2F 0-2: Ball 1-2: Ball 2-2: SINGLE (Groundball, 34D)
|
Batting: RHB Tony Morton
|
0-0: Ball 1-0: Foul Ball, location: 2F 1-1: Ball 2-1: SINGLE (Line Drive, 8LS) Jerry Bryan to second
|
Batting: LHB Keng-chi Lao
|
0-0: Fly out, F4 (Line Drive, 4)
|
Batting: RHB José García
|
0-0: Ball 1-0: Called Strike 1-1: Ground out 4-3 (Groundball, 4)
|
Bottom of the 7th over - 0 run(s), 2 hit(s), 0 error(s), 2 left on base; Niagara Falls 2 - Baffin Island 0 |
TOP OF THE 8TH |
Niagara Falls Frenzy batting - Pitching for Baffin Island Beavers : RHP Robert Reeves
|
Pitching: LHP Thomas Heath
|
|
Batting: LHB Clyde Yarbrough
|
0-0: Foul Ball, location: 2F 0-1: Ball 1-1: Fly out, F6 (Line Drive, 6M)
|
Batting: RHB Juan Carlos Rodríguez
|
0-0: Called Strike 0-1: Fly out, F7 (Flyball, 7LMF)
|
Batting: LHB Dante Owens
|
0-0: Swinging Strike 0-1: Ball 1-1: Ball 2-1: SINGLE (Line Drive, 34)
|
Pitching: LHP Manuel Parra
|
|
Batting: LHB Donovan Bird
|
0-0: Ball 1-0: Called Strike Dante Owens is caught stealing 2nd base
|
Top of the 8th over - 0 run(s), 1 hit(s), 0 error(s), 0 left on base; Niagara Falls 2 - Baffin Island 0 |
BOTTOM OF THE 8TH |
Baffin Island Beavers batting - Pitching for Niagara Falls Frenzy : RHP Mark Head
|
Batting: RHB Bryan Sandstrom
|
0-0: Ball 1-0: Ball 2-0: Ground out 4-3 (Groundball, 4)
|
Pitching: LHP Santiago Valentín
|
|
Batting: RHB Bill Mark
|
0-0: Ground out 5-3 (Groundball, 56)
|
Batting: LHB Chris Bates
|
0-0: Foul Ball, location: 2F 0-1: Called Strike 0-2: Ball 1-2: Ground out 4-3 (Groundball, 34)
|
Bottom of the 8th over - 0 run(s), 0 hit(s), 0 error(s), 0 left on base; Niagara Falls 2 - Baffin Island 0 |
TOP OF THE 9TH |
Niagara Falls Frenzy batting - Pitching for Baffin Island Beavers : LHP Manuel Parra
|
Batting: LHB Donovan Bird
|
0-0: SINGLE (Line Drive, 7LS)
|
Batting: SHB Ray Burgess
|
0-0: Grounds into double play, 5-4-3 (Groundball, 56)
|
Batting: SHB Shumei Yokoyama
|
0-0: Ball 1-0: Ground out 5-3 (Groundball, 5)
|
Top of the 9th over - 0 run(s), 1 hit(s), 0 error(s), 0 left on base; Niagara Falls 2 - Baffin Island 0 |
BOTTOM OF THE 9TH |
Baffin Island Beavers batting - Pitching for Niagara Falls Frenzy : LHP Santiago Valentín
|
Pitching: RHP Esteban Juárez
|
|
Batting: LHB Jeff Cole
|
0-0: SINGLE (Groundball, 4M)
|
Batting: SHB Alonso Ferreira
|
0-0: Ball 1-0: Grounds into double play, 1-6-3 (Groundball, 15)
|
Batting: LHB Jerry Bryan
|
0-0: Swinging Strike 0-1: Ball 1-1: Fly out, F7 (Flyball, 78M)
|
Bottom of the 9th over - 0 run(s), 1 hit(s), 0 error(s), 0 left on base; Niagara Falls 2 - Baffin Island 0 |
|